 Dungeon Crawl Stone Soup version 0.32-a0-893-gf85d74f360 (webtiles) character file.

Game seed: 2659808885239128587

963 Fodor the Chopper (level 7, -3/62 HPs)
             Began as a Minotaur Fighter on Apr 3, 2024.
             Slain by Duvessa
             ... wielding a +1 short sword of electrocution
              (5 damage)
             ... on level 5 of the Dungeon.
             The game lasted 00:15:51 (3969 turns).

Fodor the Chopper (Minotaur Fighter)                Turns: 3969, Time: 00:15:54

Health: -3/62      AC: 11    Str: 22    XL:     7   Next: 92%
Magic:  6/6        EV:  9    Int: 11    God:
Gold:   255        SH:  4    Dex: 10    Spells: 5/6 levels left

rFire   . . .        a - +0 war axe (venom)
rCold   . . .        c - +0 buckler
rNeg    . . .        x - +3 scale mail
rPois   .            (helmet restricted)
rElec   .            j - +0 cloak
rCorr   .            (no gloves)
SInv    .            (no boots)
Will    +....        (no amulet) Stlth
                     g - +6 ring of intelligence
HPRegen 0.30/turn    v - ring of willpower
MPRegen 0.10/turn

%: no passive effects
@: studying Stealth
A: horns 2, retaliatory headbutt
a: no special abilities


You were on level 5 of the Dungeon.
You visited 1 branch of the dungeon, and saw 5 of its levels.

You collected 255 gold pieces.

Inventory:

Hand Weapons
 a - a +0 war axe of venom (weapon)
Armour
 c - a +0 buckler (worn)
 j - a +0 cloak (worn)
 x - a +3 scale mail (worn)
Jewellery
 g - a +6 ring of intelligence (left hand)
 h - a ring of ice
 v - a ring of willpower (right hand)
Wands
 n - a wand of flame (75)
Scrolls
 b - a scroll of fear
 e - a scroll of teleportation
 l - a scroll of poison
 m - 3 scrolls of revelation
 q - 2 scrolls of blinking
 r - 2 scrolls of noise
Potions
 d - a potion of might
 f - a potion of cancellation {unknown}
 i - a potion of attraction {unknown}
 k - 2 potions of magic
 o - a potion of mutation {unknown}
 p - a potion of invisibility {unknown}
 s - a potion of brilliance {unknown}
 t - a potion of heal wounds {unknown}
 u - 2 potions of lignification {unknown}
 w - a potion of haste {unknown}


   Skills:
 + Level 5.8 Fighting
 + Level 7.9 Axes
 + Level 5.8 Armour
 + Level 2.3 Dodging
 + Level 1.3 Stealth
 + Level 4.4 Shields
 + Level 0.1 Spellcasting
 + Level 0.2 Translocations


You had 5 spell levels left.
You knew the following spells:

 Your Spells              Type           Power      Damage    Failure   Level
a - Apportation           Tloc           0%         N/A       69%         1

Your spell library contained the following spells:

 Spells                   Type           Power      Damage    Failure   Level
 Blink                    Tloc           0%         N/A       83%         2
 Lesser Beckoning         Tloc           0%         N/A       83%         2
 Momentum Strike          Conj/Tloc      0%         3d8       83%         2
 Jinxbite                 Hex            0%         N/A       85%         2
 Alistair's Intoxication  Alch           0%         N/A       100%        5


Dungeon Overview and Level Annotations

Branches:
Dungeon (5/15)
 Temple: D:4-7

Altars:
Trog
Yredelemnul

Annotations:
D:2 1 runed translucent door, Crazy Yiuf
D:3 2 transporters, dcgchant's ghost, amateur DjFE
D:5 Dowan; Duvessa


Innate Abilities, Weirdness & Mutations

You have a pair of horns on your head.
You reflexively headbutt those who attack you in melee.


Message History

Dowan gestures wildly while chanting.
Dowan blinks!
You completely miss Duvessa.
The hound barks!
Your headbutt misses Duvessa.
Duvessa is moderately wounded.
You kill the centaur!
Duvessa hits you but does no damage. Duvessa closely misses you.
You furiously retaliate!
You headbutt Duvessa! You hit Duvessa but do no damage.
Duvessa is heavily wounded.
Duvessa hits you but does no damage.
You are electrocuted!!
Dowan casts a spell.
Dowan blinks!
You closely miss Duvessa.
Duvessa is heavily wounded.
Duvessa barely misses you.
You hit Duvessa but do no damage.
Duvessa looks even sicker.
Duvessa is heavily wounded.
The hound bites you but does no damage.
Duvessa hits you with a +1 short sword of electrocution.
You are electrocuted!!
* * * LOW HITPOINT WARNING * * *
You hit Duvessa but do no damage.
Duvessa is heavily wounded.
You hit the hound but do no damage.
The hound is poisoned.
You block the hound's attack. Duvessa hits you but does no damage.
The hound barely misses you. You furiously retaliate!
You headbutt the hound! You hit Duvessa.
Duvessa looks as sick as possible!
Your headbutt misses Duvessa.
Duvessa is severely wounded.
You hit the hound but do no damage. The hound bites you but does no damage.
Duvessa hits you but does no damage.
You hit Duvessa.
Duvessa looks as sick as possible!
Duvessa is severely wounded.
You hit the hound but do no damage. The hound barely misses you.
You furiously retaliate!
You headbutt the hound!
You kill the hound!
Duvessa hits you with a +1 short sword of electrocution.
You die...

.... ...## ... #. .........
.. . ..#..#..#.###....
#...#..#..#........
#.........#e# .
....#..#..#e# #.
..........#@# .
#...#..#..#†###...
...................
................#... ####
.......#.##.##..# ..# #...
#....................#.#####
....#..#)##.....#...........
....#..#.##.....#....#.#####
... #..#.##.##..#...........


You could see Duvessa (extremely poisoned) and Dowan.

Vanquished Creatures
  Eustachio (D:4)
  Menkaure (D:5)
  The ghost of RoseCult the Shield-Bearer, an amateur MiFi (D:4)
  An ogre (D:4)
  A centaur (D:5)
  Blork the orc (D:5)
  A scorpion (D:4)
  A hound (D:5)
  A jelly (D:4)
  A bombardier beetle (D:4)
  3 orc priests
  An iguana (D:3)
  An orc wizard (D:4)
  4 adders (D:4)
  6 dart slugs
  A ribbon worm (D:4)
  9 orcs
  6 bats
  6 endoplasms
  6 giant cockroaches
  3 goblins
  12 hobgoblins
  3 jackals (D:1)
  5 kobolds
  A quokka (D:4)
  10 ball pythons
  3 frilled lizards
  A rat (D:3)
91 creatures vanquished.

Notes
Turn   | Place    | Note
-------+----------+-------------------------------------------
     0 | D:1      | Fodor the Minotaur Fighter began the quest for the Orb.
     0 | D:1      | Reached XP level 1. HP: 19/19 MP: 0/0
    79 | D:1      | Reached XP level 2. HP: 14/27 MP: 1/1
   509 | D:1      | Found a faded altar of an unknown god.
   735 | D:2      | Reached skill level 3 in Axes
   735 | D:2      | Reached XP level 3. HP: 33/33 MP: 2/2
  1115 | D:2      | Found a runed translucent door.
  1116 | D:2      | Noticed Crazy Yiuf
  1217 | D:3      | Found a transporter.
  1229 | D:3      | Found a transporter.
  1480 | D:3      | Reached skill level 4 in Axes
  1480 | D:3      | Reached XP level 4. HP: 36/40 MP: 3/3
  2102 | D:3      | Noticed dcgchant's ghost (amateur DjFE)
  2326 | D:4      | Found a runed translucent door.
  2330 | D:4      | Reached XP level 5. HP: 47/47 MP: 4/4
  2373 | D:4      | Noticed RoseCult's ghost (amateur MiFi)
  2388 | D:4      | Reached skill level 5 in Axes
  2391 | D:4      | Killed RoseCult's ghost
  2392 | D:4      | Reached skill level 1 in Dodging
  2392 | D:4      | Reached XP level 6. HP: 37/53 MP: 5/5
  2508 | D:4      | Learned a level 1 spell: Apportation
  2557 | D:4      | Found a bloodstained altar of Trog.
  2682 | D:4      | Reached skill level 6 in Axes
  2682 | D:4      | Reached skill level 5 in Armour
  2765 | D:4      | Noticed Eustachio
  2800 | D:4      | Killed Eustachio
  2801 | D:4      | Reached skill level 5 in Fighting
  2801 | D:4      | Reached XP level 7. HP: 20/61 MP: 6/6
  3057 | D:4      | Reached skill level 7 in Axes
  3152 | D:4      | Found a basalt altar of Yredelemnul.
  3554 | D:5      | Entered Level 5 of the Dungeon
  3559 | D:5      | Noticed Menkaure
  3570 | D:5      | Killed Menkaure
  3571 | D:5      | Reached skill level 1 in Stealth
  3836 | D:5      | Noticed Blork the orc
  3852 | D:5      | Killed Blork the orc
  3956 | D:5      | Noticed Duvessa
  3957 | D:5      | Noticed Dowan
  3966 | D:5      | HP: 1/62 [Duvessa/+1 short sword of electrocution (19)]
  3969 | D:5      | Slain by Duvessa

Illustrated notes

Levels and vault maps discovered:
D:1:      hellmonk_arrival_library, layout_basic,
          nicolae_ecumenical_snake_handling
D:2:      layout_basic, uniq_crazy_yiuf_cottage
D:3:      layout_basic, gammafunk_ghost_stat_death
D:4:      layout_basic, lemuel_doored_altar, kennysheep_mini_moat,
          ebering_ghost_sewer_d, minmay_quantized, uniq_eustachio
D:5:      layout_basic, minmay_temple_entry_enclosed_plants,
          nicolae_nh_ransacked_shop, uniq_menkaure, uniq_duvessa, uniq_edmund,
          uniq_blork_the_orc

Skill      XL: |  1  2  3  4  5  6  7 |
---------------+----------------------+-----
Armour         | 4 5 |  5.8
Fighting       | 4 5 |  5.8
Axes           | 3 4 5 6 7 |  7.9
Shields        | 4 |  4.4
Dodging        | 1 2 |  2.3
Stealth        | 1 |  1.3
Spellcasting   | |  0.1
Translocations | |  0.2

Action                     |  1- 3 |  4- 6 |  7- 9 || total
---------------------------+-------+-------+-------++-------
  Melee: War axe           |    78 |    98 |    41 ||   217
         Headbutt          |    13 |    12 |     5 ||    30
   Cast: Apportation       |       |     1 |       ||     1
    Use: Scroll            |       |     8 |     1 ||     9
 Armour: Scale mail        |    64 |    91 |    44 ||   199
  Dodge: Dodged            |    30 |    55 |    24 ||   109
  Block: Buckler           |    17 |    28 |     9 ||    54

Table legend: (Time is in decaauts)
 A = Elapsed time spent in this place.
 B = Non-inter-level travel time spent in this place.
 C = Inter-level travel time spent in this place.
 D = Time resting spent in this place.
 E = Time spent auto-exploring this place.
 F = Levels seen in this place.
 G = Mean time per level.
                   A        B        C        D        E       F      G
               +--------+--------+--------+--------+--------+-----+--------+
         Total |   4034 |   3911 |    123 |    236 |   2598 |   5 |  806.8 |
       Dungeon |   4034 |   3911 |    123 |    236 |   2598 |   5 |  806.8 |
               +--------+--------+--------+--------+--------+-----+--------+

Top non-repeatable levels by time:
     D:4: 1459 daAuts
     D:3: 986 daAuts
     D:1: 717 daAuts
     D:2: 452 daAuts
     D:5: 418 daAuts
